[ AOE2 MATCH · #505802986 ]
UnrankedHuns vs Spanish
Player's team · LOSS
Rival team · WIN
[ REPLAY ANALYSIS · EXTRACTED FROM THE RECORDED GAME ]
Feudal
10:16
Castle
22:43
Imperial
—
| APM avg | 69.6 |
| APM peak | 98 |
| eAPM avg | 33.4 |
| Villagers / military | 80 / 189 |
Focus
⚔️ 45.9% · 🌾 54.1%
Cavalry Archer ×79 · Knight ×57 · Archer ×32 · Battering Ram ×10 · Mangonel ×4 · Skirmisher ×4
Feudal
8:51
Castle
20:38
Imperial
—
| APM avg | 51.1 |
| APM peak | 90 |
| eAPM avg | 26.3 |
| Villagers / military | 77 / 95 |
Focus
⚔️ 49.7% · 🌾 50.3%
Skirmisher ×41 · Spearman ×35 · Monk ×16 · Scorpion ×2 · Archer ×1
Match map
Initial resources + every placement click. Lines = walls · curves = elevation contours. ◆ gold · ⬟ stone · ● berries · ✦ relic · ◌ wall gap
Your base· Open — unwalled flank
alder0483's base· Open — unwalled flank
Smoothed initial terrain · ◌ = detected wall gap · hover for details
Inputs per minute
— Pedro - - alder0483
Build order — Pedro
First 150 of 382 actions detected
| 0:00 | Queue | Villager (Male) |
| 0:01 | Queue | Villager (Male) |
| 0:10 | Queue | Villager (Male) |
| 0:32 | Queue | Villager (Male) |
| 1:19 | Queue | Villager (Male) |
| 1:45 | Queue | Villager (Male) |
| 1:51 | Build | Lumber Camp |
| 2:09 | Queue | Villager (Male) |
| 2:40 | Queue | Villager (Male) |
| 2:56 | Queue | Villager (Male) |
| 3:23 | Queue | Villager (Male) |
| 3:58 | Queue | Villager (Male) |
| 4:36 | Queue | Villager (Male) |
| 5:00 | Queue | Villager (Male) |
| 5:11 | Build | Barracks |
| 5:13 | Queue | Villager (Male) |
| 5:17 | Queue | Villager (Male) |
| 5:32 | Queue | Villager (Male) |
| 6:15 | Queue | Militia |
| 6:15 | Queue | Militia |
| 6:21 | Queue | Villager (Male) |
| 6:26 | Build | Mill |
| 6:32 | Queue | Villager (Male) |
| 6:35 | Queue | Villager (Male) |
| 6:42 | Queue | Militia |
| 6:53 | Queue | Villager (Male) |
| 7:41 | Research | Loom |
| 8:03 | Research | Feudal Age |
| 8:21 | Build | Lumber Camp |
| 8:45 | Build | Mining Camp |
| 8:56 | Queue | Villager (Male) |
| 9:06 | Queue | Villager (Male) |
| 9:44 | Queue | Villager (Male) |
| 10:16 | Age | Feudal Age |
| 10:30 | Queue | Villager (Male) |
| 10:33 | Build | Archery Range |
| 10:49 | Research | Man-at-Arms (upgrade) |
| 10:49 | Research | Man-at-Arms (upgrade) |
| 10:50 | Research | Horse Collar |
| 10:50 | Research | Horse Collar |
| 10:53 | Research | Double-Bit Axe |
| 10:53 | Queue | Villager (Male) |
| 11:07 | Queue | Villager (Male) |
| 11:08 | Queue | Archer |
| 11:10 | Build | Archery Range |
| 11:37 | Queue | Villager (Male) |
| 11:39 | Queue | Archer |
| 11:39 | Queue | Archer |
| 11:40 | Queue | Archer |
| 11:42 | Queue | Villager (Male) |
| 11:58 | Queue | Skirmisher |
| 12:15 | Queue | Archer |
| 12:15 | Queue | Archer |
| 12:15 | Queue | Villager (Male) |
| 12:29 | Queue | Archer |
| 12:29 | Queue | Archer |
| 12:35 | Queue | Villager (Male) |
| 12:42 | Build | Blacksmith |
| 12:52 | Queue | Archer |
| 12:52 | Queue | Archer |
| 12:53 | Queue | Villager (Male) |
| 12:56 | Build | Farm |
| 12:57 | Build | Farm |
| 13:13 | Queue | Archer |
| 13:13 | Queue | Archer |
| 13:21 | Queue | Villager (Male) |
| 13:25 | Build | Farm |
| 13:32 | Build | Farm |
| 13:34 | Research | Fletching |
| 13:35 | Research | Fletching |
| 13:52 | Build | Palisade Wall |
| 13:54 | Build | Palisade Wall |
| 14:01 | Queue | Archer |
| 14:01 | Queue | Villager (Male) |
| 14:04 | Queue | Archer |
| 14:19 | Queue | Archer |
| 14:19 | Queue | Archer |
| 14:21 | Queue | Archer |
| 14:21 | Queue | Villager (Male) |
| 14:23 | Queue | Villager (Male) |
| 14:31 | Build | Farm |
| 14:36 | Build | Farm |
| 14:41 | Queue | Archer |
| 14:43 | Queue | Skirmisher |
| 14:43 | Queue | Skirmisher |
| 14:50 | Queue | Villager (Male) |
| 14:53 | Build | Farm |
| 15:05 | Queue | Archer |
| 15:13 | Queue | Archer |
| 15:14 | Queue | Archer |
| 15:30 | Queue | Archer |
| 15:31 | Queue | Archer |
| 15:42 | Queue | Archer |
| 15:42 | Queue | Archer |
| 15:43 | Queue | Skirmisher |
| 15:53 | Build | Farm |
| 15:55 | Build | Farm |
| 15:55 | Queue | Villager (Male) |
| 16:07 | Queue | Archer |
| 16:08 | Queue | Archer |
| 16:08 | Queue | Villager (Male) |
| 16:22 | Build | Farm |
| 16:38 | Queue | Villager (Male) |
| 16:39 | Queue | Archer |
| 16:40 | Queue | Archer |
| 17:09 | Queue | Villager (Male) |
| 17:11 | Build | Farm |
| 17:12 | Build | Farm |
| 17:14 | Build | Farm |
| 17:28 | Queue | Villager (Male) |
| 17:31 | Build | Farm |
| 17:34 | Build | Farm |
| 17:36 | Build | Farm |
| 17:51 | Queue | Archer |
| 17:51 | Queue | Archer |
| 17:52 | Queue | Archer |
| 17:52 | Queue | Villager (Male) |
| 17:54 | Build | Farm |
| 18:16 | Build | Farm |
| 18:18 | Build | Farm |
| 18:32 | Build | Farm |
| 18:33 | Queue | Villager (Male) |
| 19:27 | Build | Farm |
| 19:29 | Build | Farm |
| 19:39 | Build | Farm |
| 19:55 | Build | Farm |
| 20:03 | Research | Castle Age |
| 20:35 | Build | Stable |
| 20:40 | Research | Scale Barding Armor |
| 21:07 | Build | Stable |
| 21:13 | Research | Forging |
| 21:13 | Research | Forging |
| 21:29 | Research | Bloodlines |
| 21:29 | Research | Bloodlines |
| 22:02 | Queue | Villager (Male) |
| 22:35 | Queue | Villager (Male) |
| 22:43 | Age | Castle Age |
| 22:44 | Queue | Knight |
| 22:44 | Queue | Knight |
| 22:44 | Queue | Knight |
| 22:47 | Build | Siege Workshop |
| 22:51 | Queue | Knight |
| 22:51 | Queue | Knight |
| 22:51 | Queue | Knight |
| 22:56 | Queue | Knight |
| 23:12 | Queue | Knight |
| 23:12 | Queue | Knight |
| 23:12 | Queue | Knight |
| 23:17 | Research | Bodkin Arrow |
| 23:20 | Research | Iron Casting |
Build order — alder0483
First 150 of 280 actions detected
| 0:01 | Queue | Villager (Male) |
| 0:01 | Queue | Villager (Male) |
| 0:01 | Queue | Villager (Male) |
| 0:02 | Queue | Villager (Male) |
| 0:02 | Build | House |
| 0:04 | Build | House |
| 1:26 | Queue | Villager (Male) |
| 1:51 | Queue | Villager (Male) |
| 1:51 | Queue | Villager (Male) |
| 1:54 | Build | Lumber Camp |
| 2:24 | Queue | Villager (Male) |
| 2:25 | Queue | Villager (Male) |
| 2:50 | Queue | Villager (Male) |
| 3:06 | Queue | Villager (Male) |
| 3:08 | Build | House |
| 3:33 | Queue | Villager (Male) |
| 3:34 | Research | Loom |
| 4:00 | Queue | Villager (Male) |
| 4:17 | Queue | Villager (Male) |
| 4:23 | Build | Mill |
| 4:34 | Queue | Villager (Male) |
| 5:12 | Queue | Villager (Male) |
| 5:26 | Queue | Villager (Male) |
| 5:36 | Research | Loom |
| 6:29 | Research | Feudal Age |
| 7:55 | Build | House |
| 8:02 | Build | Barracks |
| 8:04 | Queue | Villager (Male) |
| 8:08 | Build | Palisade Wall |
| 8:09 | Queue | Villager (Male) |
| 8:28 | Queue | Villager (Male) |
| 8:30 | Build | Palisade Wall |
| 8:33 | Build | Palisade Wall |
| 8:34 | Build | Palisade Wall |
| 8:51 | Age | Feudal Age |
| 8:59 | Build | Archery Range |
| 9:00 | Queue | Villager (Male) |
| 9:21 | Queue | Villager (Male) |
| 9:27 | Build | House |
| 9:31 | Build | Palisade Wall |
| 9:31 | Build | Palisade Wall |
| 9:33 | Queue | Villager (Male) |
| 9:42 | Queue | Archer |
| 9:48 | Build | Farm |
| 9:52 | Build | Palisade Wall |
| 9:56 | Queue | Villager (Male) |
| 10:07 | Build | Palisade Wall |
| 10:13 | Build | Palisade Gate |
| 10:17 | Queue | Villager (Male) |
| 10:25 | Queue | Skirmisher |
| 10:26 | Queue | Villager (Male) |
| 10:31 | Queue | Villager (Male) |
| 10:52 | Queue | Skirmisher |
| 10:56 | Queue | Skirmisher |
| 10:59 | Build | Palisade Wall |
| 11:06 | Queue | Skirmisher |
| 11:11 | Build | Palisade Gate |
| 11:15 | Queue | Villager (Male) |
| 11:26 | Build | Palisade Wall |
| 11:33 | Queue | Spearman |
| 11:39 | Queue | Villager (Male) |
| 11:40 | Build | Farm |
| 11:41 | Build | Farm |
| 11:41 | Build | Farm |
| 11:41 | Build | Farm |
| 11:47 | Build | House |
| 11:50 | Queue | Villager (Male) |
| 12:01 | Queue | Villager (Male) |
| 12:03 | Build | Farm |
| 12:09 | Queue | Skirmisher |
| 12:17 | Build | Farm |
| 12:21 | Build | House |
| 12:23 | Build | Palisade Wall |
| 12:26 | Build | Palisade Wall |
| 12:29 | Build | Palisade Wall |
| 12:30 | Build | Palisade Wall |
| 12:32 | Queue | Villager (Male) |
| 12:46 | Build | Farm |
| 12:51 | Build | House |
| 12:52 | Build | Palisade Wall |
| 13:31 | Queue | Villager (Male) |
| 13:33 | Build | Farm |
| 13:45 | Build | Palisade Gate |
| 13:55 | Queue | Villager (Male) |
| 13:59 | Build | Palisade Wall |
| 14:01 | Queue | Villager (Male) |
| 14:03 | Build | Farm |
| 14:03 | Build | Farm |
| 14:03 | Build | Farm |
| 14:03 | Build | Farm |
| 14:17 | Queue | Villager (Male) |
| 14:22 | Build | Mining Camp |
| 14:39 | Queue | Villager (Male) |
| 14:42 | Build | Farm |
| 14:58 | Build | House |
| 14:59 | Build | Palisade Wall |
| 15:04 | Queue | Villager (Male) |
| 15:22 | Queue | Skirmisher |
| 15:27 | Build | Blacksmith |
| 15:49 | Queue | Skirmisher |
| 15:54 | Build | House |
| 15:59 | Research | Padded Archer Armor |
| 16:09 | Queue | Skirmisher |
| 16:15 | Build | Farm |
| 17:00 | Queue | Skirmisher |
| 17:12 | Queue | Skirmisher |
| 17:24 | Queue | Skirmisher |
| 17:50 | Build | Palisade Wall |
| 17:56 | Research | Castle Age |
| 18:07 | Queue | Skirmisher |
| 18:20 | Queue | Skirmisher |
| 18:35 | Build | Watch Tower |
| 18:45 | Queue | Skirmisher |
| 19:16 | Build | Farm |
| 19:35 | Queue | Skirmisher |
| 19:50 | Queue | Skirmisher |
| 19:54 | Research | Double-Bit Axe |
| 19:55 | Research | Horse Collar |
| 20:21 | Queue | Skirmisher |
| 20:38 | Age | Castle Age |
| 20:46 | Queue | Villager (Male) |
| 20:53 | Queue | Skirmisher |
| 21:02 | Build | House |
| 21:03 | Build | Farm |
| 21:29 | Queue | Villager (Male) |
| 21:50 | Research | Elite Skirmisher (upgrade) |
| 21:52 | Research | Fletching |
| 21:57 | Queue | Villager (Male) |
| 22:34 | Queue | Skirmisher |
| 22:34 | Queue | Skirmisher |
| 22:40 | Queue | Villager (Male) |
| 23:35 | Build | Market |
| 23:37 | Research | Bow Saw |
| 23:46 | Queue | Villager (Male) |
| 23:53 | Build | House |
| 24:14 | Build | Monastery |
| 24:19 | Build | House |
| 24:22 | Build | House |
| 24:26 | Build | House |
| 24:30 | Queue | Villager (Male) |
| 24:30 | Queue | Villager (Male) |
| 24:37 | Queue | Villager (Male) |
| 24:50 | Queue | Villager (Male) |
| 24:52 | Queue | Monk |
| 24:52 | Queue | Monk |
| 25:12 | Build | Town Center |
| 25:15 | Queue | Villager (Male) |
| 25:25 | Queue | Villager (Male) |
| 25:52 | Queue | Monk |
| 25:58 | Queue | Villager (Male) |
Match timeline
| 5:11 | Pedro · first_building Barracks |
| 8:02 | alder0483 · first_building Barracks |
| 8:08 | alder0483 · wall_segment Palisade Wall x5 |
| 8:30 | alder0483 · wall_segment Palisade Wall x1 |
| 8:33 | alder0483 · wall_segment Palisade Wall x1 |
| 8:34 | alder0483 · wall_segment Palisade Wall x1 |
| 8:51 | alder0483 · age_up feudal |
| 8:59 | alder0483 · first_building Archery Range |
| 9:31 | alder0483 · wall_segment Palisade Wall x1 |
| 9:31 | alder0483 · wall_segment Palisade Wall x1 |
| 9:52 | alder0483 · wall_segment Palisade Wall x2 |
| 10:07 | alder0483 · wall_segment Palisade Wall x5 |
| 10:16 | Pedro · age_up feudal |
| 10:33 | Pedro · first_building Archery Range |
| 10:59 | alder0483 · wall_segment Palisade Wall x1 |
| 11:26 | alder0483 · wall_segment Palisade Wall x1 |
| 12:23 | alder0483 · wall_segment Palisade Wall x1 |
| 12:26 | alder0483 · wall_segment Palisade Wall x1 |
| 12:29 | alder0483 · wall_segment Palisade Wall x1 |
| 12:30 | alder0483 · wall_segment Palisade Wall x1 |
| 12:52 | alder0483 · wall_segment Palisade Wall x1 |
| 13:52 | Pedro · wall_segment Palisade Wall x1 |
| 13:54 | Pedro · wall_segment Palisade Wall x1 |
| 13:59 | alder0483 · wall_segment Palisade Wall x1 |
| 14:59 | alder0483 · wall_segment Palisade Wall x1 |
| 17:50 | alder0483 · wall_segment Palisade Wall x1 |
| 20:35 | Pedro · first_building Stable |
| 20:38 | alder0483 · age_up castle |
| 22:43 | Pedro · age_up castle |
| 22:47 | Pedro · first_building Siege Workshop |
| 24:14 | alder0483 · first_building Monastery |
| 25:09 | alder0483 · first_market_buy 100 stone |
| 29:21 | alder0483 · wall_segment Palisade Wall x1 |
| 32:03 | alder0483 · first_market_sell 100 wood |
| 34:38 | Pedro · first_market_buy 100 food |
| 35:15 | alder0483 · first_building Siege Workshop |
| 35:37 | alder0483 · wall_segment Palisade Wall x1 |
| 35:40 | Pedro · first_market_sell 100 food |
| 39:26 | alder0483 · first_building Castle |
| 41:06 | Pedro · resign |
[ AI ANALYSIS · 1 CREDIT ]
What really happened in this match?
Wolo.gg analyzes every decision: build order, eco, micro, common mistakes by bracket. Personalized analysis on WhatsApp or Discord in 30 seconds.
Civ guide
Huns
Perfil
Pedro